 Zot Defence DCSS version 0.15.2 (webtiles) character file.

4 Falacy the Caller (level 1, 0/1 (9) HPs)
             Began as a Vine Stalker Summoner on June 24, 2015.
             Rotted away (Orar the troll)
             ... in the Realm of Zot (Scenario I: Hall of Zot).
             The game lasted 00:02:32 (249 turns).

Falacy the Caller (Vine Stalker Summoner)            Turns: 249, Time: 00:02:32

HP   0/1 (9)     AC  2     Str 10      XL: 1   Next: 60%
MP   0/3         EV 12     Int 15      God:
Gold 0           SH  0     Dex 14      Spells:  1 memorised,  3 levels left

rFire  . . .     SeeInvis .     (no weapon)
rCold  . . .     Clarity  .     a - +0 robe
rNeg   . . .     rCorr    .     (no shield)
rPois  .         rRot     +     (no helmet)
rElec  .         Spirit   +     (no cloak)
SustAb .         Warding  .     (no gloves)
rMut   .         Stasis   .     (no boots)
Gourm  .                        (no amulet)
MR     .....                    (no ring)
                                (no ring)

@: not resistant to hostile enchantments, unstealthy
A: fangs 2, regeneration 1, magic shield, antimagic bite, no device heal 3, rot
immunity
a: no special abilities


You were in the Realm of Zot.
You were not hungry.

You visited 1 branch

Inventory:

Armour
 a - a +0 robe (worn)
Comestibles
 d - a bread ration
Scrolls
 i - a scroll of blinking
Potions
 c - 3 potions of curing
 f - a potion of haste
 g - 2 potions of magic
 h - a potion of berserk rage
Books
 b - a book of Callings

   Spells                             Type                      Level
   *Summon Small Mammal               Summoning                    1
   Call Imp                           Summoning                    2
   Call Canine Familiar               Summoning                    3
   Summon Guardian Golem              Hexes/Summoning              4
   Summon Lightning Spire             Summoning/Air                4
   Summon Ice Beast                   Ice/Summoning                4


   Skills:
 + Level 1.5 Dodging
 - Level 2.4 Stealth
 + Level 2.2 Spellcasting
 + Level 4.2 Summonings


You had 3 spell levels left.
You knew the following spells:

 Your Spells              Type           Power        Failure   Level  Hunger
a - Summon Small Mammal   Summ           ##..         4%          1    #......


Dungeon Overview and Level Annotations

Branches:
    Zot (1/1)

Altars:


Innate Abilities, Weirdness & Mutations

You have extremely sharp teeth.
Your natural rate of healing is unusually fast.
When hurt, damage is shared between your health and your magic reserves.
Your bite disrupts and absorbs the magic of your enemies.
Potions and wands cannot restore your health.
You are immune to rotting.


Message History

Something bites your bat.
Your bat dies!
Your bat's corpse disappears in a puff of smoke!
Casting: Summon Small Mammal
Confirm with . or Enter, or press ? or * to list all spells.
Your flesh rots away as the Orb of Zot is desecrated.
Casting: Summon Small Mammal
Confirm with . or Enter, or press ? or * to list all spells.
Your flesh rots away as the Orb of Zot is desecrated. x4
Casting: Summon Small Mammal
Confirm with . or Enter, or press ? or * to list all spells.
You don't have enough magic to cast that spell.
You swap places.
Your quokka bites the giant newt.
The giant newt dies!
Your quokka closely misses Orar.
Your flesh rots away as the Orb of Zot is desecrated. x3
Your quokka closely misses Orar.
The ooze hits your quokka.
Your flesh rots away as the Orb of Zot is desecrated.
Ouch! That really hurt!
You die...

..........### ###....
............## ##......
.............# ▓▓▓▓▓▓▓▓▓ #.......
...........wr▓▓▓.......▓▓▓.......
.............▓▓.........▓▓.......
.............▓...........▓.......
........%.....w....TJ............
.............▓....rr.....▓.......
.............▓▓.@.......▓▓.......
.............▓▓▓.......▓▓▓.......
.............▓ ▓▓▓▓▓▓▓▓▓ ▓.......
............▓▓ ▓▓......
..........▓▓▓ ▓▓▓.... .......▓▓▓▓
▓▓▓▓. ▓▓▓▓▓▓▓▓▓▓▓ ▓▓▓▓▓ #▓|∆▓
▓∆∆▓# ▓=∆▓ ▓∆∆▓


You could see Orar the troll, a worm, an ooze and 2 friendly quokkas.

Vanquished Creatures
  A giant newt (Zot)
1 creature vanquished.

Vanquished Creatures (collateral kills)
  A kobold (Zot)
  A giant newt (Zot)
2 creatures vanquished.

Vanquished Creatures (others)
  2 bats (Zot)
  A rat (Zot)
3 creatures vanquished.

Grand Total: 6 creatures vanquished

Notes
Turn   | Place    | Note
--------------------------------------------------------------
     0 | Zot      | Falacy, the Vine Stalker Summoner, began the quest for the Orb.
     0 | Zot      | Reached XP level 1. HP: 9/9 MP: 3/3
   236 | Zot      | Noticed Orar
   249 | Zot      | Rotted away (Orar the troll)

Action                   || total
-------------------------++-------
Melee: Unarmed           ||     2
 Cast: Summon Small Mamm ||    12
